AoeStats
← Diegor

Arena

509865665Analyzed
1v1 RM · 5d ago on Sep 28, 2026· 52m 24s· 2 players
Game mode
Random Map
Map size
Tiny (2 player)
Population
200
Speed
Normal
Resources
Standard
Victory
Conquest
Starting age
Dark Age
Ending age
Imperial Age
RankedLock teamsTeams togetherTeam positionsShared explorationLock speedFull tech treeHidden civsTurbo modeCheats
Victory
Defeat
🇮🇱 Bohemians · Israel
640
+14
🇵🇪 Spanish · Peru
607
-14
Diegor
11:31 Feudal Age
12:33 Double-Bit Axe
12:31 Horse Collar
19:52 Castle Age
18:29 Scale Mail Armor
18:31 Padded Archer Armor
18:22 Fletching
20:05 Forging
20:03 Pikeman
20:44 Squires
21:23 Bow Saw
24:21 Chain Mail Armor
25:45 Heavy Plow
26:52 Iron Casting
26:47 Leather Archer Armor
26:28 Bodkin Arrow
27:52 Redemption
33:13 Imperial Age
30:28 Elite Skirmisher
34:15 Inquisition
33:46 Sappers
34:19 Halberdier
41:52 Chemistry
41:58 Blast Furnace
41:29 Plate Mail Armor
41:30 Ring Archer Armor
41:00 Bracer
40:51 Town Watch
41:42 Wheelbarrow
40:52 Loom
43:09 Cavalier
43:50 Husbandry
48:16 Town Patrol
52:00 Husbandry
arst239
12:30 Feudal Age
13:01 Double-Bit Axe
13:01 Horse Collar
16:10 Wheelbarrow
21:46 Castle Age
24:26 Loom
30:36 Imperial Age
28:26 Hand Cart
27:57 Town Watch
29:41 Bow Saw
29:44 Heavy Plow
30:11 Fervor
31:01 Sanctity
33:35 Two-Man Saw
33:42 Hussite Reforms
35:20 Chemistry
35:12 Block Printing
35:44 Padded Archer Armor
36:12 Wagenburg Tactics
37:19 Siege Engineers
39:44 Houfnice
40:11 Houfnice
41:36 Leather Archer Armor
40:55 Elite Hussite Wagon
45:14 Ballistics
44:50 Murder Holes
46:46 Guilds
48:13 Bombard Tower
49:04 Ring Archer Armor
50:24 Redemption
52:46 Illumination
52:59 Theocracy
Connection lost

Rejoining the realm…

Still unreachable

The connection could not be restored.

Session expired

The server has moved on; the page needs a fresh start.